[ AOE2 MATCH · #466578596 ]
UnrankedSicilians vs Byzantines
[ REPLAY ANALYSIS · EXTRACTED FROM THE RECORDED GAME ]
Feudal
12:00
Castle
27:31
Imperial
41:58
| APM avg | 25.7 |
| APM peak | 56 |
| eAPM avg | 11.8 |
| Villagers / military | 77 / 115 |
Focus
⚔️ 35.6% · 🌾 64.4%
Spearman ×48 · Serjeant ×43 · Skirmisher ×24
Feudal
13:23
Castle
19:08
Imperial
39:44
| APM avg | 13.9 |
| APM peak | 37 |
| eAPM avg | 10.1 |
| Villagers / military | 76 / 130 |
Focus
⚔️ 40.4% · 🌾 59.6%
Cataphract ×42 · Camel Scout ×32 · Scorpion ×24 · Spearman ×23 · Battering Ram ×5 · Monk ×4
Feudal
11:56
Castle
19:42
Imperial
40:13
| APM avg | 42.2 |
| APM peak | 98 |
| eAPM avg | 17.0 |
| Villagers / military | 112 / 130 |
Focus
⚔️ 31.2% · 🌾 68.8%
Konnik ×89 · Militia ×25 · Trade Cart ×17 · Spearman ×16
Feudal
12:52
Castle
20:55
Imperial
37:47
| APM avg | 14.2 |
| APM peak | 41 |
| eAPM avg | 11.6 |
| Villagers / military | 83 / 41 |
Focus
⚔️ 23.9% · 🌾 76.1%
Genoese Crossbowman ×26 · Spearman ×9 · Trebuchet (Packed) ×3 · Monk ×2 · Mangonel ×1
Feudal
12:44
Castle
—
Imperial
—
| APM avg | 4.9 |
| APM peak | 32 |
| eAPM avg | 2.7 |
| Villagers / military | 24 / 0 |
Focus
⚔️ 2.0% · 🌾 98.0%
Feudal
—
Castle
—
Imperial
—
| APM avg | 28.3 |
| APM peak | 69 |
| eAPM avg | 17.2 |
| Villagers / military | 146 / 8 |
Focus
⚔️ 23.1% · 🌾 76.9%
Unknown (1944) ×50 · Unknown (1949) ×28 · Battering Ram ×6 · Monk ×2 · Unknown (1942) ×2 · Unknown (1954) ×1
Match map
Initial resources + every placement click. Lines = walls · curves = elevation contours. ◆ gold · ⬟ stone · ● berries · ✦ relic · ◌ wall gap
Your base· ✓ Closed at 27:31 · 0t walls · 3 gate(s)
Kurajich's base· ✓ Closed at 19:08 · 0t walls · 3 gate(s)
pablotilly's base· ✓ Closed at 19:42 · 0t walls · 3 gate(s)
favrizio92's base· ✓ Closed at 20:55 · 0t walls · 2 gate(s) · fragile
Quién es el Johnny's base· ✓ Closed at 14:39 · 0t walls · 2 gate(s)
drakilouxD's base· ✓ Closed at 13:15 · 0t walls · 2 gate(s)
Smoothed initial terrain · ◌ = detected wall gap · hover for details
Inputs per minute
— Akanii - - Kurajich
Build order — Akanii
First 150 of 300 actions detected
| 0:04 | Create | Villager (Male) |
| 0:04 | Create | Villager (Male) |
| 0:04 | Create | Villager (Male) |
| 0:04 | Create | Villager (Male) |
| 0:06 | Build | House |
| 0:07 | Build | House |
| 1:31 | Research | Loom |
| 1:38 | Create | Villager (Male) |
| 2:20 | Research | Loom |
| 2:24 | Create | Villager (Male) |
| 2:24 | Create | Villager (Male) |
| 3:13 | Research | Loom |
| 3:16 | Create | Villager (Male) |
| 3:16 | Create | Villager (Male) |
| 3:30 | Build | House |
| 3:31 | Build | House |
| 3:47 | Build | Mill |
| 3:56 | Create | Villager (Male) |
| 5:13 | Create | Villager (Male) |
| 5:13 | Create | Villager (Male) |
| 5:13 | Create | Villager (Male) |
| 6:08 | Create | Villager (Male) |
| 6:15 | Create | Villager (Male) |
| 6:16 | Create | Villager (Male) |
| 7:18 | Create | Villager (Male) |
| 7:18 | Create | Villager (Male) |
| 7:18 | Create | Villager (Male) |
| 7:22 | Build | Mining Camp |
| 7:44 | Build | Lumber Camp |
| 7:50 | Create | Villager (Male) |
| 7:51 | Create | Villager (Male) |
| 9:35 | Build | Barracks |
| 9:50 | Research | Feudal Age |
| 10:00 | Build | House |
| 10:01 | Build | House |
| 10:02 | Build | House |
| 10:03 | Build | House |
| 10:04 | Build | House |
| 10:28 | Create | Villager (Male) |
| 10:28 | Create | Villager (Male) |
| 10:28 | Create | Villager (Male) |
| 10:29 | Create | Villager (Male) |
| 10:45 | Build | Mining Camp |
| 11:56 | Build | Farm |
| 12:00 | Age | Feudal Age |
| 12:04 | Build | Blacksmith |
| 13:03 | Build | Donjon |
| 13:05 | Build | Donjon |
| 13:10 | Build | Mining Camp |
| 13:32 | Create | Villager (Male) |
| 13:35 | Research | Horse Collar |
| 14:18 | Research | Wheelbarrow |
| 15:04 | Create | Villager (Male) |
| 15:05 | Create | Villager (Male) |
| 15:37 | Build | Farm |
| 15:37 | Build | Farm |
| 15:37 | Build | Farm |
| 15:37 | Build | Farm |
| 15:38 | Build | Farm |
| 15:38 | Build | Farm |
| 15:41 | Build | Farm |
| 15:52 | Create | Serjeant |
| 15:53 | Create | Serjeant |
| 15:53 | Create | Serjeant |
| 16:21 | Build | Farm |
| 16:25 | Research | Loom |
| 16:28 | Research | Loom |
| 16:30 | Research | Town Watch |
| 17:08 | Build | Stable |
| 17:22 | Build | Farm |
| 17:22 | Build | Farm |
| 17:23 | Build | Farm |
| 17:25 | Build | Farm |
| 17:29 | Create | Villager (Male) |
| 17:29 | Create | Villager (Male) |
| 17:29 | Create | Villager (Male) |
| 17:47 | Create | Serjeant |
| 17:47 | Create | Serjeant |
| 18:05 | Build | Farm |
| 18:48 | Build | Donjon |
| 18:50 | Build | Donjon |
| 19:11 | Create | Serjeant |
| 19:12 | Create | Serjeant |
| 19:12 | Create | Serjeant |
| 19:12 | Create | Serjeant |
| 19:12 | Create | Serjeant |
| 20:56 | Build | Mining Camp |
| 21:00 | Create | Spearman |
| 21:00 | Create | Spearman |
| 21:00 | Create | Spearman |
| 21:00 | Create | Spearman |
| 21:01 | Create | Spearman |
| 21:01 | Create | Spearman |
| 21:01 | Create | Spearman |
| 21:01 | Create | Spearman |
| 21:01 | Create | Spearman |
| 21:02 | Create | Spearman |
| 21:02 | Create | Spearman |
| 21:02 | Create | Spearman |
| 21:02 | Create | Spearman |
| 22:46 | Create | Villager (Male) |
| 22:46 | Create | Villager (Male) |
| 22:47 | Create | Villager (Male) |
| 22:51 | Build | House |
| 22:52 | Build | House |
| 22:53 | Build | House |
| 22:54 | Build | House |
| 24:51 | Research | Castle Age |
| 25:01 | Create | Serjeant |
| 25:01 | Create | Serjeant |
| 25:01 | Create | Serjeant |
| 25:23 | Build | Archery Range |
| 25:27 | Build | Archery Range |
| 25:30 | Build | Stable |
| 25:54 | Create | Villager (Male) |
| 25:55 | Create | Villager (Male) |
| 25:55 | Create | Villager (Male) |
| 26:02 | Research | Double-Bit Axe |
| 27:26 | Research | Scale Mail Armor |
| 27:26 | Research | Forging |
| 27:27 | Research | Scale Barding Armor |
| 27:30 | Research | Bloodlines |
| 27:31 | Age | Castle Age |
| 27:50 | Create | Serjeant |
| 27:50 | Create | Serjeant |
| 27:50 | Create | Serjeant |
| 27:50 | Create | Serjeant |
| 27:53 | Research | Elite Skirmisher (upgrade) |
| 27:54 | Create | Skirmisher |
| 27:54 | Create | Skirmisher |
| 27:54 | Create | Skirmisher |
| 28:15 | Create | Serjeant |
| 28:15 | Create | Serjeant |
| 29:14 | Build | Castle |
| 29:24 | Research | Pikeman (upgrade) |
| 29:25 | Create | Spearman |
| 29:25 | Create | Spearman |
| 29:25 | Create | Spearman |
| 29:26 | Create | Spearman |
| 29:26 | Create | Spearman |
| 29:27 | Create | Spearman |
| 29:51 | Build | Town Center |
| 29:56 | Create | Skirmisher |
| 29:56 | Create | Skirmisher |
| 29:56 | Create | Skirmisher |
| 29:57 | Create | Skirmisher |
| 29:57 | Create | Skirmisher |
| 29:57 | Create | Skirmisher |
| 29:57 | Create | Skirmisher |
| 30:05 | Create | Villager (Male) |
Build order — Kurajich
First 150 of 311 actions detected
| 0:02 | Create | Villager (Male) |
| 0:02 | Create | Villager (Male) |
| 0:02 | Create | Villager (Male) |
| 0:03 | Create | Villager (Male) |
| 0:05 | Build | House |
| 0:09 | Build | House |
| 0:14 | Build | House |
| 2:12 | Create | Villager (Male) |
| 2:12 | Create | Villager (Male) |
| 2:12 | Create | Villager (Male) |
| 2:25 | Build | Lumber Camp |
| 2:50 | Create | Villager (Male) |
| 2:50 | Create | Villager (Male) |
| 3:15 | Create | Villager (Male) |
| 3:16 | Create | Villager (Male) |
| 3:43 | Create | Villager (Male) |
| 3:43 | Create | Villager (Male) |
| 3:43 | Create | Villager (Male) |
| 3:44 | Create | Villager (Male) |
| 4:49 | Create | Villager (Male) |
| 4:49 | Create | Villager (Male) |
| 4:50 | Create | Villager (Male) |
| 5:02 | Build | Mill |
| 5:23 | Create | Villager (Male) |
| 5:24 | Create | Villager (Male) |
| 6:13 | Create | Villager (Male) |
| 6:13 | Create | Villager (Male) |
| 6:13 | Create | Villager (Male) |
| 6:13 | Create | Villager (Male) |
| 6:14 | Create | Villager (Male) |
| 6:22 | Build | House |
| 7:10 | Build | Mill |
| 7:22 | Create | Villager (Male) |
| 7:23 | Create | Villager (Male) |
| 7:23 | Create | Villager (Male) |
| 7:34 | Build | House |
| 7:47 | Create | Villager (Male) |
| 7:47 | Create | Villager (Male) |
| 9:04 | Build | Mining Camp |
| 9:32 | Create | Villager (Male) |
| 9:32 | Create | Villager (Male) |
| 9:33 | Create | Villager (Male) |
| 9:33 | Create | Villager (Male) |
| 9:34 | Create | Villager (Male) |
| 10:32 | Build | Mill |
| 10:46 | Research | Feudal Age |
| 11:28 | Build | Barracks |
| 11:41 | Build | House |
| 11:43 | Build | House |
| 11:44 | Build | House |
| 11:46 | Build | House |
| 11:51 | Build | House |
| 11:54 | Build | House |
| 13:19 | Create | Villager (Male) |
| 13:19 | Create | Villager (Male) |
| 13:23 | Age | Feudal Age |
| 13:36 | Build | Blacksmith |
| 13:46 | Build | Stable |
| 14:08 | Build | Mining Camp |
| 14:13 | Research | Double-Bit Axe |
| 14:31 | Build | Farm |
| 14:31 | Build | Farm |
| 14:31 | Build | Farm |
| 14:31 | Build | Farm |
| 14:33 | Build | Farm |
| 14:39 | Create | Villager (Male) |
| 14:49 | Build | Farm |
| 15:36 | Build | Farm |
| 15:51 | Build | Farm |
| 16:28 | Research | Castle Age |
| 17:47 | Build | Barracks |
| 17:51 | Build | Barracks |
| 18:11 | Build | Farm |
| 18:12 | Build | Farm |
| 18:31 | Build | Lumber Camp |
| 18:50 | Research | Horse Collar |
| 18:54 | Research | Stone Mining |
| 18:59 | Research | Gold Mining |
| 19:08 | Age | Castle Age |
| 19:44 | Build | Siege Workshop |
| 19:56 | Build | Monastery |
| 20:04 | Research | Wheelbarrow |
| 20:05 | Create | Villager (Male) |
| 20:05 | Create | Villager (Male) |
| 20:50 | Create | Monk |
| 20:56 | Create | Scorpion |
| 20:56 | Create | Scorpion |
| 20:56 | Create | Scorpion |
| 20:57 | Create | Scorpion |
| 20:57 | Create | Scorpion |
| 20:57 | Create | Scorpion |
| 21:37 | Build | Market |
| 21:55 | Build | Castle |
| 22:17 | Create | Villager (Male) |
| 22:17 | Create | Villager (Male) |
| 22:17 | Create | Villager (Male) |
| 22:17 | Create | Villager (Male) |
| 22:18 | Create | Villager (Male) |
| 22:55 | Build | Farm |
| 22:55 | Build | Farm |
| 23:31 | Build | Town Center |
| 23:58 | Create | Cataphract |
| 23:58 | Create | Cataphract |
| 23:59 | Create | Cataphract |
| 24:00 | Create | Cataphract |
| 24:07 | Create | Scorpion |
| 24:07 | Create | Scorpion |
| 24:08 | Create | Scorpion |
| 24:08 | Create | Scorpion |
| 24:08 | Create | Scorpion |
| 24:26 | Build | Farm |
| 24:27 | Build | Farm |
| 24:51 | Research | Husbandry |
| 25:04 | Create | Villager (Male) |
| 25:04 | Create | Villager (Male) |
| 25:23 | Create | Monk |
| 25:23 | Create | Monk |
| 25:50 | Research | Bow Saw |
| 26:00 | Build | Farm |
| 26:01 | Build | Farm |
| 26:07 | Create | Villager (Male) |
| 26:12 | Create | Villager (Male) |
| 26:12 | Create | Villager (Male) |
| 26:49 | Create | Cataphract |
| 26:49 | Create | Cataphract |
| 26:49 | Create | Cataphract |
| 27:18 | Create | Cataphract |
| 27:18 | Create | Cataphract |
| 27:58 | Research | Scale Barding Armor |
| 28:07 | Create | Cataphract |
| 28:07 | Create | Cataphract |
| 28:07 | Create | Cataphract |
| 29:24 | Create | Cataphract |
| 29:24 | Create | Cataphract |
| 29:25 | Create | Cataphract |
| 29:28 | Create | Cataphract |
| 29:28 | Create | Cataphract |
| 29:28 | Create | Cataphract |
| 29:53 | Build | Farm |
| 29:53 | Build | Farm |
| 29:54 | Build | Farm |
| 29:54 | Build | Farm |
| 29:54 | Build | Farm |
| 30:00 | Create | Villager (Male) |
| 30:00 | Create | Villager (Male) |
| 30:00 | Create | Villager (Male) |
| 30:01 | Create | Villager (Male) |
| 30:05 | Create | Villager (Male) |
| 30:05 | Create | Villager (Male) |
| 30:33 | Create | Scorpion |
Build order — pablotilly
First 150 of 397 actions detected
| 0:05 | Build | House |
| 0:06 | Build | House |
| 0:10 | Create | Villager (Male) |
| 0:11 | Create | Villager (Male) |
| 0:11 | Create | Villager (Male) |
| 0:11 | Create | Villager (Male) |
| 0:11 | Create | Villager (Male) |
| 1:55 | Create | Villager (Male) |
| 1:55 | Create | Villager (Male) |
| 2:21 | Create | Villager (Male) |
| 2:31 | Create | Villager (Male) |
| 2:56 | Create | Villager (Male) |
| 2:56 | Create | Villager (Male) |
| 3:11 | Create | Villager (Male) |
| 3:35 | Build | Lumber Camp |
| 3:51 | Build | Mill |
| 4:00 | Build | House |
| 4:09 | Create | Villager (Male) |
| 4:10 | Create | Villager (Male) |
| 4:28 | Build | House |
| 4:49 | Create | Villager (Male) |
| 5:14 | Create | Villager (Male) |
| 5:15 | Create | Villager (Male) |
| 5:15 | Create | Villager (Male) |
| 5:42 | Create | Villager (Male) |
| 5:43 | Create | Villager (Male) |
| 6:03 | Create | Villager (Male) |
| 6:03 | Create | Villager (Male) |
| 7:08 | Create | Villager (Male) |
| 7:09 | Create | Villager (Male) |
| 7:49 | Build | Barracks |
| 7:56 | Build | House |
| 7:57 | Build | House |
| 8:00 | Create | Villager (Male) |
| 8:00 | Create | Villager (Male) |
| 8:01 | Create | Villager (Male) |
| 8:55 | Build | Farm |
| 9:01 | Build | Farm |
| 9:46 | Research | Feudal Age |
| 10:08 | Build | Farm |
| 10:13 | Create | Militia |
| 10:23 | Create | Militia |
| 10:23 | Create | Militia |
| 10:37 | Build | Farm |
| 10:45 | Build | Farm |
| 10:59 | Create | Militia |
| 10:59 | Create | Militia |
| 10:59 | Create | Militia |
| 11:00 | Create | Militia |
| 11:00 | Create | Militia |
| 11:22 | Create | Militia |
| 11:22 | Create | Militia |
| 11:22 | Create | Militia |
| 11:40 | Build | Mining Camp |
| 11:56 | Age | Feudal Age |
| 12:02 | Create | Militia |
| 12:03 | Create | Militia |
| 12:03 | Create | Militia |
| 13:37 | Build | Farm |
| 13:39 | Build | Farm |
| 13:40 | Build | Farm |
| 14:35 | Build | Market |
| 15:07 | Research | Horse Collar |
| 15:31 | Build | Blacksmith |
| 17:02 | Research | Castle Age |
| 18:16 | Build | Farm |
| 18:18 | Build | Farm |
| 18:19 | Build | Farm |
| 18:56 | Build | Farm |
| 18:57 | Build | Farm |
| 19:42 | Age | Castle Age |
| 19:49 | Build | Town Center |
| 20:17 | Research | Double-Bit Axe |
| 20:19 | Research | Heavy Plow |
| 20:27 | Create | Villager (Male) |
| 20:27 | Create | Villager (Male) |
| 20:27 | Create | Villager (Male) |
| 20:28 | Create | Villager (Male) |
| 20:29 | Create | Villager (Male) |
| 20:42 | Build | House |
| 20:43 | Build | House |
| 20:44 | Build | House |
| 20:45 | Build | House |
| 20:46 | Build | House |
| 20:47 | Build | House |
| 20:48 | Build | House |
| 21:58 | Create | Villager (Male) |
| 21:59 | Create | Villager (Male) |
| 21:59 | Create | Villager (Male) |
| 21:59 | Create | Villager (Male) |
| 21:59 | Create | Villager (Male) |
| 22:59 | Create | Villager (Male) |
| 23:00 | Create | Villager (Male) |
| 23:00 | Create | Villager (Male) |
| 23:00 | Create | Villager (Male) |
| 23:01 | Create | Villager (Male) |
| 23:02 | Create | Villager (Male) |
| 23:09 | Build | Farm |
| 23:09 | Build | Farm |
| 23:09 | Build | Farm |
| 23:09 | Build | Farm |
| 23:10 | Build | Farm |
| 24:10 | Build | House |
| 24:11 | Build | House |
| 24:12 | Build | House |
| 24:13 | Build | House |
| 24:14 | Build | House |
| 24:19 | Create | Militia |
| 24:20 | Create | Militia |
| 24:20 | Create | Militia |
| 24:20 | Create | Militia |
| 24:31 | Build | Barracks |
| 24:36 | Create | Villager (Male) |
| 24:36 | Create | Villager (Male) |
| 24:36 | Create | Villager (Male) |
| 24:37 | Create | Villager (Male) |
| 24:37 | Create | Villager (Male) |
| 24:37 | Create | Villager (Male) |
| 24:38 | Create | Villager (Male) |
| 24:38 | Create | Villager (Male) |
| 25:49 | Build | Farm |
| 25:51 | Build | Farm |
| 26:00 | Build | Town Center |
| 26:03 | Create | Villager (Male) |
| 26:03 | Create | Villager (Male) |
| 26:03 | Create | Villager (Male) |
| 26:04 | Create | Villager (Male) |
| 26:04 | Create | Villager (Male) |
| 26:06 | Create | Villager (Male) |
| 26:07 | Create | Villager (Male) |
| 26:07 | Create | Villager (Male) |
| 26:07 | Create | Villager (Male) |
| 26:59 | Create | Villager (Male) |
| 26:59 | Create | Villager (Male) |
| 27:07 | Build | Farm |
| 27:08 | Build | Farm |
| 27:08 | Build | Farm |
| 27:11 | Build | Farm |
| 27:55 | Build | Mining Camp |
| 27:59 | Create | Militia |
| 28:00 | Create | Militia |
| 28:00 | Create | Militia |
| 28:00 | Create | Militia |
| 28:01 | Create | Militia |
| 28:01 | Create | Militia |
| 28:01 | Create | Militia |
| 29:06 | Create | Villager (Male) |
| 29:06 | Create | Villager (Male) |
| 29:06 | Create | Villager (Male) |
| 29:07 | Create | Villager (Male) |
Build order — favrizio92
First 150 of 235 actions detected
| 0:35 | Create | Villager (Male) |
| 0:35 | Create | Villager (Male) |
| 0:36 | Create | Villager (Male) |
| 0:38 | Build | House |
| 0:40 | Build | House |
| 0:45 | Create | Villager (Male) |
| 0:46 | Create | Villager (Male) |
| 0:46 | Create | Villager (Male) |
| 2:18 | Create | Villager (Male) |
| 2:40 | Create | Villager (Male) |
| 2:59 | Create | Villager (Male) |
| 2:59 | Create | Villager (Male) |
| 3:14 | Research | Loom |
| 3:48 | Create | Villager (Male) |
| 3:51 | Create | Villager (Male) |
| 3:51 | Create | Villager (Male) |
| 3:57 | Create | Villager (Male) |
| 4:01 | Build | House |
| 4:02 | Build | House |
| 5:36 | Create | Villager (Male) |
| 5:37 | Create | Villager (Male) |
| 5:37 | Create | Villager (Male) |
| 5:53 | Build | Lumber Camp |
| 6:30 | Create | Villager (Male) |
| 7:21 | Create | Villager (Male) |
| 7:39 | Create | Villager (Male) |
| 7:41 | Create | Villager (Male) |
| 7:49 | Create | Villager (Male) |
| 7:52 | Create | Villager (Male) |
| 7:56 | Create | Villager (Male) |
| 7:59 | Create | Villager (Male) |
| 8:04 | Create | Villager (Male) |
| 9:08 | Build | House |
| 9:10 | Build | House |
| 10:17 | Build | Mill |
| 10:39 | Research | Feudal Age |
| 11:12 | Build | Barracks |
| 11:54 | Build | Mining Camp |
| 12:39 | Create | Villager (Male) |
| 12:52 | Age | Feudal Age |
| 12:54 | Research | Horse Collar |
| 12:57 | Research | Double-Bit Axe |
| 13:00 | Build | Farm |
| 13:01 | Build | Farm |
| 13:02 | Build | Farm |
| 13:03 | Build | Farm |
| 13:04 | Build | Farm |
| 13:05 | Build | Farm |
| 13:06 | Build | Farm |
| 13:09 | Create | Villager (Male) |
| 13:10 | Create | Villager (Male) |
| 13:11 | Create | Villager (Male) |
| 13:44 | Build | Farm |
| 13:47 | Build | Farm |
| 14:40 | Create | Villager (Male) |
| 14:42 | Create | Villager (Male) |
| 14:45 | Build | Farm |
| 14:47 | Build | Farm |
| 14:48 | Build | Farm |
| 14:49 | Create | Villager (Male) |
| 15:10 | Research | Man-at-Arms (upgrade) |
| 15:13 | Research | Arson |
| 15:34 | Build | Blacksmith |
| 15:43 | Build | Archery Range |
| 15:49 | Build | Market |
| 15:55 | Create | Villager (Male) |
| 16:25 | Build | Mining Camp |
| 17:03 | Create | Villager (Male) |
| 17:09 | Build | Farm |
| 17:11 | Build | Farm |
| 17:12 | Build | Farm |
| 17:13 | Build | Farm |
| 17:27 | Create | Villager (Male) |
| 17:30 | Build | Farm |
| 18:15 | Research | Castle Age |
| 19:23 | Build | House |
| 19:28 | Build | House |
| 19:30 | Build | House |
| 19:34 | Build | House |
| 20:55 | Age | Castle Age |
| 21:02 | Build | Castle |
| 21:08 | Create | Villager (Male) |
| 21:08 | Create | Villager (Male) |
| 21:27 | Build | University |
| 21:29 | Create | Villager (Male) |
| 21:29 | Create | Villager (Male) |
| 21:59 | Build | House |
| 22:04 | Build | House |
| 22:19 | Create | Genoese Crossbowman |
| 22:31 | Create | Villager (Male) |
| 22:51 | Create | Genoese Crossbowman |
| 22:51 | Create | Genoese Crossbowman |
| 23:00 | Create | Villager (Male) |
| 23:01 | Create | Villager (Male) |
| 23:40 | Create | Villager (Male) |
| 23:51 | Create | Villager (Male) |
| 23:52 | Create | Villager (Male) |
| 24:05 | Create | Villager (Male) |
| 24:06 | Create | Villager (Male) |
| 24:07 | Create | Genoese Crossbowman |
| 24:12 | Create | Genoese Crossbowman |
| 24:28 | Research | Fletching |
| 24:32 | Create | Villager (Male) |
| 24:47 | Create | Genoese Crossbowman |
| 25:13 | Create | Genoese Crossbowman |
| 25:57 | Build | Town Center |
| 26:04 | Create | Villager (Male) |
| 26:06 | Research | Heavy Plow |
| 26:20 | Build | Farm |
| 26:23 | Build | Farm |
| 26:34 | Research | Squires |
| 26:43 | Create | Villager (Male) |
| 26:49 | Build | Mining Camp |
| 26:50 | Create | Villager (Male) |
| 27:04 | Create | Villager (Male) |
| 27:09 | Create | Genoese Crossbowman |
| 27:22 | Create | Villager (Male) |
| 27:25 | Create | Villager (Male) |
| 27:53 | Create | Genoese Crossbowman |
| 28:00 | Build | Farm |
| 28:00 | Build | Farm |
| 28:03 | Research | Wheelbarrow |
| 28:06 | Build | House |
| 28:07 | Build | House |
| 28:09 | Build | House |
| 28:09 | Build | House |
| 28:20 | Build | House |
| 28:21 | Build | House |
| 28:21 | Build | House |
| 28:50 | Create | Genoese Crossbowman |
| 28:51 | Create | Genoese Crossbowman |
| 29:29 | Create | Villager (Male) |
| 29:30 | Create | Villager (Male) |
| 29:30 | Create | Villager (Male) |
| 29:31 | Build | Farm |
| 29:34 | Build | Farm |
| 29:35 | Build | Farm |
| 29:36 | Build | Farm |
| 29:59 | Build | Farm |
| 30:00 | Build | Farm |
| 30:03 | Create | Villager (Male) |
| 30:04 | Create | Villager (Male) |
| 30:05 | Create | Villager (Male) |
| 30:06 | Create | Villager (Male) |
| 30:31 | Create | Villager (Male) |
| 30:33 | Create | Villager (Male) |
| 30:37 | Create | Villager (Male) |
| 30:45 | Build | Farm |
| 30:47 | Build | Farm |
| 30:48 | Build | Farm |
Build order — Quién es el Johnny
50 actions detected in the replay
| 0:06 | Create | Villager (Male) |
| 0:06 | Create | Villager (Male) |
| 0:10 | Build | House |
| 0:13 | Build | House |
| 0:49 | Create | Villager (Male) |
| 1:09 | Create | Villager (Male) |
| 1:27 | Research | Loom |
| 1:52 | Create | Villager (Male) |
| 2:03 | Create | Villager (Male) |
| 2:04 | Create | Villager (Male) |
| 2:43 | Build | Lumber Camp |
| 2:59 | Create | Villager (Male) |
| 3:05 | Create | Villager (Male) |
| 3:33 | Create | Villager (Male) |
| 4:23 | Create | Villager (Male) |
| 4:23 | Create | Villager (Male) |
| 4:27 | Build | House |
| 4:29 | Build | House |
| 5:18 | Create | Villager (Male) |
| 5:19 | Create | Villager (Male) |
| 5:31 | Build | Mill |
| 5:58 | Create | Villager (Male) |
| 6:38 | Create | Villager (Male) |
| 6:39 | Create | Villager (Male) |
| 7:12 | Build | Mining Camp |
| 7:15 | Create | Villager (Male) |
| 8:04 | Create | Villager (Male) |
| 8:04 | Create | Villager (Male) |
| 8:37 | Create | Villager (Male) |
| 8:58 | Build | House |
| 9:13 | Build | Farm |
| 9:16 | Create | Villager (Male) |
| 9:28 | Build | Lumber Camp |
| 9:32 | Create | Villager (Male) |
| 9:40 | Build | Farm |
| 9:46 | Build | Farm |
| 9:57 | Create | Villager (Male) |
| 10:13 | Build | Farm |
| 10:19 | Research | Feudal Age |
| 10:33 | Build | Farm |
| 10:36 | Build | Farm |
| 10:39 | Build | Farm |
| 11:30 | Build | Barracks |
| 12:44 | Age | Feudal Age |
| 12:47 | Build | Blacksmith |
| 13:02 | Build | Market |
| 13:18 | Build | Market |
| 14:17 | Build | Watch Tower |
| 14:39 | Research | Castle Age |
| 14:54 | Build | Archery Range |
Build order — drakilouxD
First 150 of 427 actions detected
| 0:01 | Create | Villager (Male) |
| 0:01 | Create | Villager (Male) |
| 0:02 | Create | Villager (Male) |
| 0:04 | Build | House |
| 0:07 | Build | House |
| 0:15 | Create | Villager (Male) |
| 0:15 | Create | Villager (Male) |
| 1:31 | Create | Villager (Male) |
| 1:31 | Create | Villager (Male) |
| 1:56 | Create | Villager (Male) |
| 1:56 | Create | Villager (Male) |
| 2:21 | Create | Villager (Male) |
| 2:56 | Create | Villager (Male) |
| 2:56 | Create | Villager (Male) |
| 2:56 | Create | Villager (Male) |
| 3:27 | Build | House |
| 4:01 | Create | Villager (Male) |
| 4:01 | Create | Villager (Male) |
| 4:01 | Create | Villager (Male) |
| 4:32 | Create | Villager (Male) |
| 4:56 | Build | Mill |
| 5:12 | Create | Villager (Male) |
| 5:12 | Create | Villager (Male) |
| 5:13 | Create | Villager (Male) |
| 5:52 | Create | Villager (Male) |
| 5:52 | Create | Villager (Male) |
| 6:32 | Create | Villager (Male) |
| 6:32 | Create | Villager (Male) |
| 6:34 | Create | Villager (Male) |
| 6:39 | Build | House |
| 7:06 | Build | House |
| 7:07 | Build | House |
| 7:25 | Create | Villager (Male) |
| 7:25 | Create | Villager (Male) |
| 7:48 | Build | Lumber Camp |
| 8:37 | Build | Mining Camp |
| 8:46 | Research | Feudal Age |
| 8:51 | Build | House |
| 10:32 | Build | House |
| 11:04 | Build | House |
| 11:11 | Build | Market |
| 11:26 | Build | Blacksmith |
| 12:05 | Build | Mill |
| 13:15 | Research | Castle Age |
| 13:15 | Research | Castle Age |
| 14:18 | Research | Double-Bit Axe |
| 14:29 | Research | Horse Collar |
| 14:30 | Research | Horse Collar |
| 15:04 | Build | Mining Camp |
| 15:47 | Create | Villager (Male) |
| 15:47 | Create | Villager (Male) |
| 15:58 | Build | Town Center |
| 16:43 | Create | Villager (Male) |
| 16:49 | Research | Bow Saw |
| 17:14 | Build | Mill |
| 17:21 | Create | Villager (Male) |
| 17:21 | Create | Villager (Male) |
| 17:22 | Create | Villager (Male) |
| 17:22 | Create | Villager (Male) |
| 17:23 | Create | Villager (Male) |
| 17:37 | Build | Lumber Camp |
| 18:20 | Create | Villager (Male) |
| 18:22 | Create | Villager (Male) |
| 18:23 | Create | Villager (Male) |
| 18:23 | Create | Villager (Male) |
| 18:43 | Create | Villager (Male) |
| 18:44 | Create | Villager (Male) |
| 18:44 | Create | Villager (Male) |
| 18:58 | Build | Town Center |
| 19:06 | Build | Farm |
| 19:06 | Build | Farm |
| 19:06 | Build | Farm |
| 19:07 | Build | Farm |
| 19:17 | Create | Villager (Male) |
| 19:18 | Create | Villager (Male) |
| 19:28 | Create | Villager (Male) |
| 19:34 | Build | Farm |
| 20:06 | Build | Farm |
| 20:11 | Build | Farm |
| 20:15 | Build | Farm |
| 20:17 | Build | Farm |
| 20:19 | Build | Farm |
| 20:21 | Build | Farm |
| 20:29 | Create | Villager (Male) |
| 20:29 | Create | Villager (Male) |
| 20:49 | Create | Villager (Male) |
| 20:50 | Create | Villager (Male) |
| 20:54 | Create | Villager (Male) |
| 20:55 | Create | Villager (Male) |
| 21:06 | Build | Farm |
| 21:13 | Create | Villager (Male) |
| 21:13 | Create | Villager (Male) |
| 21:27 | Create | Villager (Male) |
| 21:27 | Create | Villager (Male) |
| 21:29 | Create | Villager (Male) |
| 21:29 | Create | Villager (Male) |
| 21:52 | Create | Villager (Male) |
| 21:53 | Create | Villager (Male) |
| 21:53 | Create | Villager (Male) |
| 21:53 | Create | Villager (Male) |
| 21:53 | Create | Villager (Male) |
| 22:01 | Create | Villager (Male) |
| 22:04 | Build | Farm |
| 22:15 | Research | Loom |
| 22:26 | Build | Siege Workshop |
| 22:30 | Create | Villager (Male) |
| 22:30 | Create | Villager (Male) |
| 22:30 | Create | Villager (Male) |
| 22:30 | Create | Villager (Male) |
| 22:35 | Build | Farm |
| 22:53 | Research | Stone Mining |
| 23:00 | Build | Farm |
| 23:03 | Build | Farm |
| 23:03 | Build | Farm |
| 23:04 | Build | Farm |
| 23:04 | Build | Farm |
| 23:04 | Build | Farm |
| 23:04 | Build | Farm |
| 23:05 | Build | Farm |
| 23:06 | Build | Farm |
| 23:06 | Build | Farm |
| 23:06 | Build | Farm |
| 23:10 | Create | Villager (Male) |
| 23:10 | Create | Villager (Male) |
| 23:10 | Create | Villager (Male) |
| 23:10 | Create | Villager (Male) |
| 23:25 | Research | Gold Mining |
| 23:39 | Create | Villager (Male) |
| 23:45 | Create | Villager (Male) |
| 23:48 | Build | House |
| 23:56 | Create | Villager (Male) |
| 23:56 | Create | Villager (Male) |
| 23:57 | Create | Villager (Male) |
| 24:03 | Build | House |
| 24:04 | Build | House |
| 24:05 | Build | House |
| 24:05 | Build | House |
| 24:06 | Build | House |
| 24:20 | Research | Wheelbarrow |
| 24:24 | Create | Villager (Male) |
| 24:34 | Create | Villager (Male) |
| 24:43 | Create | Battering Ram |
| 24:43 | Create | Battering Ram |
| 24:43 | Create | Battering Ram |
| 24:47 | Build | House |
| 24:52 | Build | House |
| 24:53 | Build | House |
| 25:09 | Build | Mining Camp |
| 25:12 | Create | Villager (Male) |
| 25:12 | Create | Villager (Male) |
Match timeline
| 7:49 | pablotilly · first_building Barracks |
| 9:35 | Akanii · first_building Barracks |
| 11:12 | favrizio92 · first_building Barracks |
| 11:28 | Kurajich · first_building Barracks |
| 11:30 | Quién es el Johnny · first_building Barracks |
| 11:56 | pablotilly · age_up feudal |
| 12:00 | Akanii · age_up feudal |
| 12:44 | Quién es el Johnny · age_up feudal |
| 12:52 | favrizio92 · age_up feudal |
| 13:03 | Akanii · first_building Donjon |
| 13:23 | Kurajich · age_up feudal |
| 13:46 | Kurajich · first_building Stable |
| 14:54 | Quién es el Johnny · first_building Archery Range |
| 15:06 | Quién es el Johnny · resign |
| 15:43 | favrizio92 · first_building Archery Range |
| 17:08 | Akanii · first_building Stable |
| 19:08 | Kurajich · age_up castle |
| 19:42 | pablotilly · age_up castle |
| 19:44 | Kurajich · first_building Siege Workshop |
| 19:56 | Kurajich · first_building Monastery |
| 20:33 | favrizio92 · first_market_buy 100 stone |
| 20:37 | favrizio92 · first_market_sell 100 wood |
| 20:55 | favrizio92 · age_up castle |
| 21:02 | favrizio92 · first_building Castle |
| 21:55 | Kurajich · first_building Castle |
| 22:26 | drakilouxD · first_building Siege Workshop |
| 25:23 | Akanii · first_building Archery Range |
| 27:31 | Akanii · age_up castle |
| 28:55 | drakilouxD · first_building Castle |
| 29:14 | Akanii · first_building Castle |
| 29:47 | drakilouxD · tribute_sent a jugador 1 |
| 29:47 | drakilouxD · tribute_sent a jugador 2 |
| 29:47 | drakilouxD · tribute_sent a jugador 3 |
| 29:47 | drakilouxD · tribute_sent a jugador 4 |
| 29:47 | drakilouxD · tribute_sent a jugador 5 |
| 29:58 | drakilouxD · first_building Barracks |
| 30:22 | drakilouxD · first_building Monastery |
| 30:55 | pablotilly · first_building Krepost |
| 31:36 | drakilouxD · first_building Stable |
| 31:45 | favrizio92 · first_building Siege Workshop |
| 32:32 | drakilouxD · tribute_sent a jugador 1 |
| 32:32 | drakilouxD · tribute_sent a jugador 2 |
| 32:32 | drakilouxD · tribute_sent a jugador 3 |
| 32:32 | drakilouxD · tribute_sent a jugador 4 |
| 32:32 | drakilouxD · tribute_sent a jugador 5 |
| 33:03 | pablotilly · first_building Siege Workshop |
| 33:17 | pablotilly · first_building Stable |
| 34:09 | favrizio92 · first_building Monastery |
| 34:32 | pablotilly · first_building Castle |
| 36:55 | pablotilly · first_building Monastery |
| 37:47 | favrizio92 · age_up imperial |
| 39:44 | Kurajich · age_up imperial |
| 40:13 | pablotilly · age_up imperial |
| 41:58 | Akanii · age_up imperial |
| 43:41 | Akanii · wall_segment Stone Wall x8 |
[ AI ANALYSIS · 1 CREDIT ]
What really happened in this match?
Wolo.gg analyzes every decision: build order, eco, micro, common mistakes by bracket. Personalized analysis on WhatsApp or Discord in 30 seconds.
Civ guide
Sicilians
Perfil
Jugador #1145613